 Dungeon Crawl Stone Soup version 0.30.1-11-g7821555f0a (webtiles) character file.

Game seed: 17713523200864361624

213 Goodini51 the Sneak (level 5, 0/46 HPs)
             Began as a Draconian Delver on Dec 20, 2023.
             Succumbed to an orc wizard's poison
             ... on level 3 of the Dungeon.
             The game lasted 00:08:01 (899 turns).

Goodini51 the Sneak (Draconian Delver)               Turns: 899, Time: 00:08:02

Health: 0/46       AC:  5    Str: 16    XL:     5   Next: 59%
Magic:  5/5        EV: 12    Int: 11    God:
Gold:   43         SH:  0    Dex: 12    Spells: 4/4 levels left

rFire   . . .        l - +0 war axe
rCold   . . .        (no shield)
rNeg    . . .        (body armour unavailable)
rPois   .            (helmet restricted)
rElec   .            (no cloak)
rCorr   .            (no gloves)
SInv    .            (no boots)
Will    .....        (no amulet)
Stlth   +++          (no ring)
HPRegen 0.27/turn    (no ring)
MPRegen 0.09/turn

%: no passive effects
@: lethally poisoned (0 -> -12)
A: AC +5, unfitting armour, cold-blooded
a: no special abilities


You were on level 3 of the Dungeon.
You visited 1 branch of the dungeon, and saw 3 of its levels.

You collected 43 gold pieces.

Inventory:

Hand Weapons
 a - a +0 hand axe
 i - a +2 dagger of holy wrath
 l - a +0 war axe (weapon)
Wands
 f - a wand of digging (3)
 g - a wand of roots (6)
Scrolls
 b - a scroll of fog
 c - a scroll of magic mapping
 d - a scroll of fear
 h - a scroll of noise {unknown}
 k - a scroll of identify {unknown}
Potions
 e - a potion of haste


   Skills:
 * Level 4.3 Fighting
 * Level 1.2 Short Blades
 + Level 2.9 Axes
 + Level 2.3 Dodging
 + Level 5.9 Stealth


You had 4 spell levels left.
You didn't know any spells.
Your spell library contained the following spells:

 Spells                   Type           Power      Damage    Failure   Level
 Ensorcelled Hibernation  Hex/Ice        0%         N/A       47%         2
 Spider Form              Tmut/Pois      0%         N/A       71%         3
 Anguish                  Hex/Necr       0%         N/A       98%         4


Dungeon Overview and Level Annotations

Branches:
Dungeon (5/15)
 Temple: D:4-7

Altars:
Yredelemnul

Annotations:
D:4 Pikel
D:5 1 runed translucent door, bimbombam's ghost, novice DrCj


Innate Abilities, Weirdness & Mutations

Your plain brown scales are hard. (AC +5)
You cannot fit into any form of body armour.
You are cold-blooded and may be slowed by cold attacks.


Message History

You feel very sick. The orc hits you with a +0 whip.
The orc wizard hits you with a +1 dagger of venom.
You are more poisoned.
The orc misses you.
The orc wizard hits you with a +1 dagger of venom.
* * * LOW HITPOINT WARNING * * *
You are more poisoned.
It was a potion of curing.
You feel better.
The orc wizard hits you with a +1 dagger of venom.
The orc hits you with a +0 whip.
* * * LOW HITPOINT WARNING * * *
You barely miss the orc wizard.
The orc wizard is heavily wounded.
You hit the orc.
You kill the orc!
The orc wizard hits you but does no damage.
You are poisoned.
Unknown command.
You closely miss the orc wizard.
Your tail-slap misses the orc wizard.
The orc wizard is heavily wounded.
You feel very sick.
The orc wizard hits you but does no damage.
You are lethally poisoned!
You barely miss the orc wizard.
You tail-slap the orc wizard, but do no damage.
The orc wizard is heavily wounded.
* * * LOW HITPOINT WARNING * * *
You feel very sick. The orc wizard misses you.
The orc wizard barely misses you.
You hit the orc wizard.
You tail-slap the orc wizard, but do no damage.
The orc wizard is heavily wounded.
* * * LOW HITPOINT WARNING * * *
You feel very sick.
The orc wizard hits you but does no damage.
You are more poisoned.
You closely miss the orc wizard.
The orc wizard is heavily wounded.
You die...

#...###
#.....##
...#..# #..#.#
#..#.######.#
#...........# #
#....)>#
#####.#)######
#......@)#
#.###.#o)......
..........##
####.......#
........#
##.......#
#.......#
###..####


You could see an orc wizard.

Vanquished Creatures
  2 lemures (D:4)
  A jelly (D:4)
  3 hounds (D:4)
  2 iguanas (D:4)
  2 adders (D:4)
  A worm (D:4)
  6 orcs
  An endoplasm (D:4)
  3 goblins
  2 hobgoblins (D:4)
  A ball python (D:4)
  2 kobolds (D:4)
26 creatures vanquished.

Notes
Turn   | Place    | Note
-------+----------+-------------------------------------------
     0 | D:5      | Goodini51 the Draconian Delver began the quest for the Orb.
     0 | D:5      | Reached XP level 1. HP: 19/19 MP: 1/1
     2 | D:5      | Found a runed translucent door.
     2 | D:5      | Noticed bimbombam's ghost (novice DrCj)
   110 | D:5      | Noticed a hound
   117 | D:5      | Noticed a phantom
   122 | D:4      | Killed a hound
   123 | D:4      | Reached skill level 5 in Stealth
   123 | D:4      | Reached XP level 2. HP: 27/27 MP: 2/2
   126 | D:4      | Reached XP level 3. HP: 32/33 MP: 3/3
   180 | D:4      | Reached XP level 4. HP: 4/40 MP: 4/4
   616 | D:4      | Noticed a lemure
   617 | D:4      | Found a basalt altar of Yredelemnul.
   617 | D:4      | Noticed a lemure
   634 | D:4      | Killed a lemure
   647 | D:4      | Killed a lemure
   754 | D:4      | Noticed Pikel
   795 | D:4      | Reached XP level 5. HP: 35/46 MP: 5/5
   798 | D:4      | Reached skill level 1 in Short Blades
   899 | D:3      | Succumbed to an orc wizard's poison

Illustrated notes

Levels and vault maps discovered:
D:3:      layout_basic, mainiacjoe_overflow_surrounded_room,
          minmay_goblin_kobold_house
D:4:      layout_rooms, mainiacjoe_overflow_alcove_4,
          mainiacjoe_overflow_tiny_flanked, nicolae_overflow_quartered_altars,
          minmay_temple_entry_statues_pillars, gammafunk_ghost_cemetery,
          kennysheep_generic_room_5, uniq_pikel
D:5:      layout_loops_ring, gammafunk_ghost_grave, gup_sewer_entry_bubbles

Skill      XL: |  1  2  3  4  5 |
---------------+----------------+-----
Stealth        | 5 |  5.9
Dodging        | 2 |  2.3
Fighting       | 4 |  4.3
Short Blades   | 1 |  1.2
Axes           | |  2.9

Action                     |  1- 3 |  4- 6 || total
---------------------------+-------+-------++-------
  Melee: Hand axe          |     3 |       ||     3
         Dagger            |    18 |    41 ||    59
         Tailslap          |     3 |    14 ||    17
         War axe           |       |    60 ||    60
         Punch             |       |     1 ||     1
  Evoke: Wand              |     1 |       ||     1
    Use: Potion            |       |     1 ||     1
   Stab: Sleeping          |     2 |     3 ||     5
 Armour: Skin              |     2 |    37 ||    39
  Dodge: Dodged            |    15 |    59 ||    74
